 Dungeon Sprint DCSS version 0.30-a0-1112-gfb780f5df6 (webtiles) character file.

Game seed: 12459094677790260914

119 dduke234 the Firebug (level 5, -14/31 HPs)
             Began as an Octopode Fire Elementalist on Apr 19, 2023.
             Demolished by a merfolk
             ... wielding a +0 trident
              (26 damage)
             ... in the Dungeon (Sprint V: "Ziggurat Sprint").
             The game lasted 00:05:15 (216 turns).

dduke234 the Firebug (Octopode Fire Elementalist)    Turns: 216, Time: 00:05:16

Health: -14/31     AC:  1    Str: 20    XL:     5   Next: 3%
Magic:  13/17      EV:  9    Int: 37    God:
Gold:   0          SH: 27    Dex: 24    Spells: 4/12 levels left

rFire   . . .      SeeInvis .    z - +6 Majin-Bo {spellvamp, MP+6 Int+6}
rCold   . . .      Faith    .    A - +18 shield of the Gong {Loud rN+ Will+ rCorr EV-5}
rNeg    + . .      Spirit   .    (helmet restricted)
rPois   .          Reflect  .    (no amulet)
rElec   .          Rampage  .    s - +6 ring of dexterity
rCorr   +          NoTele   +    r - ring of flight
Will    ++...                    t - +6 ring of dexterity
Stlth   ++++                     u - +6 ring of intelligence
HPRegen 0.25/turn                v - +6 ring of intelligence
MPRegen 0.15/turn                w - +6 ring of strength
                                 x - +6 ring of strength
                                 B - ring of willpower

@: flying
A: almost no armour, amphibious, 8 rings, camouflage 1, gelatinous body 1,
(nimble swimmer 1), tentacles
a: no special abilities


You were in the Dungeon.
You visited 1 branch

Inventory:

Hand Weapons
 z - the +6 Majin-Bo (weapon) {spellvamp, MP+6 Int+6}
   (You found it in the Dungeon)

   Int:       It affects your intelligence (+6).
   MP:        It affects your magic capacity (+6).
Armour
 A - the +18 shield of the Gong (worn) {Loud rN+ Will+ rCorr EV-5}
   (You found it in the Dungeon)

   Loud:      It is deafeningly noisy when blocking attacks.
   EV:        It affects your evasion (-5).
   rN:        It protects you from negative energy.
   rCorr:     It protects you from acid and corrosion.
   Will:      It increases your willpower.
Jewellery
 r - a ring of flight (right tentacle)
 s - a +6 ring of dexterity (left tentacle)
 t - a +6 ring of dexterity (on tentacle)
 u - a +6 ring of intelligence (on tentacle)
 v - a +6 ring of intelligence (on tentacle)
 w - a +6 ring of strength (on tentacle)
 x - a +6 ring of strength (on tentacle)
 B - a ring of willpower (on tentacle)
Wands
 p - a wand of mindburst (7)
 q - a wand of light (7)
 y - a wand of charming (6)
 C - a wand of digging (4)
Scrolls
 f - 4 scrolls of blinking
 l - 4 scrolls of amnesia
 m - 7 scrolls of fog
 n - 5 scrolls of identify
 o - 2 scrolls of fear
Potions
 a - 8 potions of magic
 b - 10 potions of curing
 c - 10 potions of heal wounds
 d - 6 potions of haste
 e - 3 potions of berserk rage
 g - 2 potions of brilliance
 h - 2 potions of invisibility
 i - 4 potions of resistance
 j - a potion of experience
 k - 5 potions of might


   Skills:
 + Level 1.0 Staves
 + Level 3.8 Dodging
 + Level 4.5 Stealth
 + Level 1.0 Shields
 + Level 4.4 Spellcasting
 + Level 2.2 Conjurations
 + Level 7.2 Fire Magic


You had 4 spell levels left.
You knew the following spells:

 Your Spells              Type           Power      Damage    Failure   Level
a - Foxfire               Conj/Fire      100%       2x1d9     1%          1
b - Volatile Blastmotes   Fire/Tloc      70%        2d15      9%          3
c - Flame Wave            Conj/Fire      43%        2d11      19%         4

Your spell library contained the following spells:

 Spells                   Type           Power      Damage    Failure   Level
 Scorch                   Fire           100%       2d9       1%          2
 Shock                    Conj/Air       64%        1d7       9%          1
 Inner Flame              Hex/Fire       35%        N/A       9%          3
 Lesser Beckoning         Tloc           16%        N/A       21%         2
 Starburst                Conj/Fire      21%        6d7       96%         6
 Conjure Ball Lightning   Conj/Air       8%         3x3d6     100%        6


Dungeon Overview and Level Annotations

Branches:
Dungeon (1/1)

Altars:
Ashenzari
Cheibriados
Dithmenos
Elyvilon
Fedhas
Gozag
Hepliaklqana
Kikubaaqudgha
Makhleb
Nemelex Xobeh
Okawaru
Qazlal
Ru
Sif Muna
Trog
Uskayaw
Vehumet
Wu Jian
Xom
Yredelemnul
Zin
The Shining One
Jiyva
Lugonu

Annotations:
D 1 transporter


Innate Abilities, Weirdness & Mutations

You cannot wear most types of armour.
You are amphibious.
You can wear up to eight rings at the same time.
Your skin changes colour to match your surroundings (Stealth+).
Your rubbery body absorbs attacks. (AC +1, EV +1)
((You are camouflaged when in or above water. (Stealth+)))
You have tentacles for arms and can constrict up to eight enemies at once.


Message History

You don't know that spell.
Casting: Foxfire (safe; 1% risk of failure)
Confirm with . or Enter, or press ? or * to list all spells.
The spell is extremely dangerous to miscast (19% risk of failure)!
Continue anyway? [Y]es or [N]o only, please.
The spell is extremely dangerous to miscast (19% risk of failure)!
Continue anyway?
Casting: Flame Wave (extremely dangerous; 19% risk of failure)
Press: ? - help, Dir - look around, f - activate Look: a merfolk, wielding a +0 trident and quivering boomerangs
Okay, then.
You block the merfolk's attack.
GONNNNG!
You block the merfolk's attack.
GONNNNG!
You block the merfolk's attack.
BONNNG!
The merfolk barely misses you. You block the merfolk's attack.
GONNNNG!
Casting: Flame Wave (extremely dangerous; 19% risk of failure)
Confirm with . or Enter, or press ? or * to list all spells.
The spell is extremely dangerous to miscast (19% risk of failure)!
Continue anyway?
Uppercase [Y]es or [N]o only, please.
The spell is extremely dangerous to miscast (19% risk of failure)!
Continue anyway?
Casting: Flame Wave (extremely dangerous; 19% risk of failure)
Press: ? - help, Dir - look around, f - activate A wave of flame ripples out!
The flame wave engulfs the merfolk!
You feel better.
The merfolk is moderately wounded.
The flame wave engulfs the merfolk!
The merfolk is lightly wounded.
The flame wave engulfs the merfolk!
The merfolk is moderately wounded. (Press . to intensify the flame waves.)
You block the merfolk's attack.
GONNNNG!
The merfolk hits you with a +0 trident!!
Ouch! That really hurt!
The merfolk hits you with a +0 trident!!
Ouch! That really hurt!
You die...

▓▓▓▓▓▓▓▓▓▓▓▓▓▓▓▓▓▓▓
▓.8©8.▓.8©8.▓.8©8.▓
▓.[!).▓.)...▓.....▓
▓..)m.▓.....▓...).▓
▓.mmm.▓.....▓...†.▓
▓..@..▓.....▓.....▓
▓.....▓.....▓..©..▓
▓..©..▓..©..▓▓▓▓▓▓▓
▓▓▓▓▓▓▓▓▓▓▓▓▓


You could see 4 merfolk.

Vanquished Creatures
  A water moccasin (D)
  An adder (D)
  3 ball pythons (D)
5 creatures vanquished.

Vanquished Creatures (others)
  16 foxfires (D)
16 creatures vanquished.

Grand Total: 21 creatures vanquished

Notes
Turn   | Place    | Note
-------+----------+-------------------------------------------
     0 | D        | dduke234 the Octopode Fire Elementalist began the quest for
                  | the Orb.
     0 | D        | Reached XP level 1. HP: 11/11 MP: 3/3
     0 | D        | Found a shimmering blue altar of Sif Muna.
     0 | D        | Found a bloodstained altar of Trog.
     0 | D        | Found a sacrificial altar of Ru.
     0 | D        | Found a stormy altar of Qazlal.
     0 | D        | Found an iron altar of Okawaru.
     1 | D        | Found a sparkling altar of Nemelex Xobeh.
     1 | D        | Found a blossoming altar of Fedhas.
     1 | D        | Found the +6 Majin-Bo {spellvamp, MP+6 Int+6}
     1 | D        | Found the +27 heavy crossbow "Sniper" {heavy, Acc+∞ SInv}
     1 | D        | Found the +10 dark maul {heavy}
     1 | D        | Found the +15 Maxwell's patent armour {-Cast -Tele rElec
                  | Will+ rCorr}
     1 | D        | Found the +18 shield of the Gong {Loud rN+ Will+ rCorr
                  | EV-5}
     1 | D        | Found the +16 obsidian axe {drain, demonic, Mesm Drain Fly
                  | SInv}
     1 | D        | Found the +7 great mace "Firestarter" {flame, immolate,
                  | rFlCloud rF++}
     1 | D        | Found the +6 shillelagh "Devastator" {shatter}
     1 | D        | Found the +11 plutonium sword {Contam Stlth-}
     1 | D        | Found the +8 lance "Wyrmbane" {slay drac, rPois rF+ rC+
                  | AC+3}
     1 | D        | Found the +9 sword of Zonguldrok {reap}
     1 | D        | Found the +13 scythe of Curses {drain, curses, Drain}
     1 | D        | Found the +9 sword of Power {lifebolt}
     1 | D        | Found the +7 mace of Variability {chaos, chaos arc}
     1 | D        | Found the +11 Singing Sword {sonic wave}
     1 | D        | Found the +8 storm bow {elec, penet}
     3 | D        | Found a transporter.
     3 | D        | Found an ancient bone altar of Kikubaaqudgha.
     3 | D        | Found a viscous altar of Jiyva.
     3 | D        | Found a corrupted altar of Lugonu.
     3 | D        | Found a hazy altar of Hepliaklqana.
     3 | D        | Found a burning altar of Makhleb.
     3 | D        | Found an opulent altar of Gozag.
     3 | D        | Banished a spatial maelstrom
    53 | D        | Entered arena 2.
    53 | D        | Noticed a water moccasin
    53 | D        | Found a transporter.
    60 | D        | Reached skill level 4 in Fire Magic
    60 | D        | Reached XP level 2. HP: 17/17 MP: 2/5
    63 | D        | Killed a water moccasin
    64 | D        | Reached skill level 1 in Staves
    64 | D        | Reached skill level 1 in Shields
    64 | D        | Reached skill level 7 in Fire Magic
    64 | D        | Reached XP level 3. HP: 20/21 MP: 0/8
    64 | D        | Reached XP level 4. HP: 25/27 MP: 0/10
    64 | D        | Reached XP level 5. HP: 29/31 MP: 0/11
   181 | D        | Entered arena 3.
   181 | D        | Found a transporter.
   191 | D        | Got the Excursus on Space and Combat Magic
   206 | D        | Learned a level 3 spell: Volatile Blastmotes
   211 | D        | Learned a level 4 spell: Flame Wave
   213 | D        | Entered arena 4.
   213 | D        | Noticed a merfolk
   213 | D        | Noticed a merfolk
   213 | D        | Noticed a merfolk
   213 | D        | Noticed a merfolk
   213 | D        | Found a transporter.
   216 | D        | Demolished by a merfolk

Illustrated notes

Levels and vault maps discovered:
D:        sprint_v [room_start, room_1, room_2, room_3, room_4, room_5, room_6,
          room_7, room_8, room_9, room_10, room_11, room_12, room_13, room_14,
          room_15, room_16, room_17, room_18, room_19, room_20, room_21,
          room_22, room_23, room_24, room_25, room_26, room_27]

Skill      XL: |  1  2 |
---------------+-------+-----
Stealth        | 3 4 |  4.5
Fire Magic     | 4 7 |  7.2
Staves         | 1 |  1.0
Dodging        | 3 |  3.8
Shields        | 1 |  1.0
Spellcasting   | 4 |  4.4
Conjurations   | 2 |  2.2

Action                     |  1- 3 |  4- 6 || total
---------------------------+-------+-------++-------
  Melee: Bo                |     2 |       ||     2
         Tentacles         |     1 |       ||     1
   Cast: Foxfire           |     6 |     2 ||     8
         Flame Wave        |       |     1 ||     1
  Dodge: Dodged            |       |     1 ||     1
  Block: Kite shield       |    10 |     6 ||    16

Table legend: (Time is in decaauts)
 A = Elapsed time spent in this place.
 B = Non-inter-level travel time spent in this place.
 C = Inter-level travel time spent in this place.
 D = Time resting spent in this place.
 E = Time spent auto-exploring this place.
 F = Levels seen in this place.
 G = Mean time per level.
                   A        B        C        D        E       F      G
               +--------+--------+--------+--------+--------+-----+--------+
         Total |    212 |    212 |      0 |      0 |    105 |   1 |  212.0 |
       Dungeon |    212 |    212 |      0 |      0 |    105 |   1 |  212.0 |
               +--------+--------+--------+--------+--------+-----+--------+

Top non-repeatable levels by time:
       D: 212 daAuts
